AoeStats
← Mhafiki

Arabia

505580178Analyzed
2v2 RM · 22d ago on Sep 10, 2026· 45m 47s· 4 players
Game mode
Random Map
Map size
Medium (4 player)
Population
200
Speed
Normal
Resources
Standard
Victory
Conquest
Starting age
Dark Age
Ending age
Imperial Age
RankedLock teamsTeams togetherTeam positionsShared explorationLock speedFull tech treeHidden civsTurbo modeCheats
Victory
Defeat
🇺🇸 Jurchens · United States
1109
+14
🇺🇸 Burgundians · United States
1060
+16
🇺🇸 Mongols · United States
1067
-15
🇺🇸 Sicilians · United States
1065
-15
Harvtown
10:37 Feudal Age
9:52 Loom
11:30 Double-Bit Axe
11:40 Horse Collar
19:30 Castle Age
17:40 Padded Archer Armor
18:47 Fletching
20:24 Bow Saw
22:56 Gold Mining
25:47 Ballistics
25:26 Bodkin Arrow
31:32 Wheelbarrow
33:50 Leather Archer Armor
37:38 Imperial Age
35:26 Town Watch
35:56 Hand Cart
38:00 Masonry
37:57 Elite Mangudai
40:05 Chemistry
39:09 Bracer
41:00 Conscription
41:18 Hoardings
41:02 Murder Holes
41:16 Siege Engineers
Booming I Promise
7:57 Loom
11:49 Feudal Age
12:57 Double-Bit Axe
14:58 Horse Collar
19:49 Castle Age
20:54 Bloodlines
21:46 Wheelbarrow
22:35 Scale Barding Armor
23:30 Bow Saw
23:27 Heavy Plow
25:23 Gold Mining
34:37 Pikeman
36:44 Chain Barding Armor
39:42 Imperial Age
43:16 Imperial Age
41:30 Caravan
44:56 Cavalier
DVaso
10:44 Feudal Age
9:04 Loom
9:39 Double-Bit Axe
11:36 Horse Collar
14:12 Heavy Plow
20:48 Castle Age
19:45 Bow Saw
19:53 Scale Barding Armor
21:00 Forging
21:46 Cavalier
23:13 Chain Barding Armor
26:28 Husbandry
28:27 Wheelbarrow
29:19 Iron Casting
29:50 Gold Mining
35:45 Imperial Age
34:48 Hand Cart
34:18 Town Watch
34:42 Light Cavalry
36:06 Hussar
37:54 Burgundian Vineyards
38:27 Crop Rotation
38:59 Two-Man Saw
39:09 Plate Barding Armor
38:27 Paladin
40:24 Blast Furnace
40:00 Conscription
41:42 Hoardings
43:50 Gold Shaft Mining
43:18 Town Patrol
43:31 Elite Coustillier
44:04 Fletching
44:43 Ballistics
45:24 Chemistry
Mhafiki
4:50 Loom
9:40 Feudal Age
11:52 Double-Bit Axe
17:14 Castle Age
18:38 Bloodlines
18:37 Scale Barding Armor
18:43 Forging
18:51 Fletching
19:02 Padded Archer Armor
20:43 Horse Collar
26:49 Wheelbarrow
27:09 Gold Mining
28:02 Husbandry
28:20 Bodkin Arrow
30:26 Leather Archer Armor
31:06 Gold Shaft Mining
30:42 Heavy Plow
30:57 Bow Saw
32:07 Forging
35:15 Imperial Age
33:02 Hand Cart
32:34 Town Watch
33:45 Iron Casting
35:07 Scale Barding Armor
36:24 Bracer
36:54 Ring Archer Armor
37:23 Crop Rotation
38:03 Two-Man Saw
37:43 Elite Iron Pagoda
38:45 Conscription
38:55 Town Patrol
39:56 Blast Furnace
40:25 Hoardings
40:28 Chain Barding Armor
41:51 Chemistry
41:12 Ballistics
40:31 Heavy Cavalry Archer
40:48 Heavy Rocket Cart
41:50 Treadmill Crane
42:20 Masonry
42:15 Siege Engineers
42:50 Plate Barding Armor
Connection lost

Rejoining the realm…

Still unreachable

The connection could not be restored.

Session expired

The server has moved on; the page needs a fresh start.